 Dungeon Crawl Stone Soup version 0.26-a0-712-ga5a9c9c9d0 (webtiles) character file.

Game seed: 822642928662651962

1996 Azzok the Chopper (level 9, 69/69 HPs)
             Began as a Demonspawn Berserker on Nov 6, 2020.
             Was an Elder of Trog.
             Quit the game on level 6 of the Dungeon.
             The game lasted 00:08:54 (7211 turns).

Azzok the Chopper (Demonspawn Berserker)            Turns: 7211, Time: 00:08:55

Health: 69/69      AC:  9    Str: 22    XL:     9   Next: 1%
Magic:  9/9        EV: 12    Int:  8    God:    Trog [****..]
Gold:   270        SH:  7    Dex: 12    Spells: 8/8 levels left

rFire    . . .     SeeInvis .   j - +0 whip (elec)
rCold    + . .     Faith    .   e - +2 buckler
rNeg     . . .     Spirit   +   g - +0 scale mail "Cebenuc" {Slay+3 Stlth+} (curse)
rPois    .         Reflect  .   (helmet restricted)
rElec    .         Harm     .   (no cloak)
rCorr    .         Rampage  .   (gloves unavailable)
MR       .....     Rnd*Tele +   k - +1 pair of boots
Stlth    +.........             b - amulet of guardian spirit
HPRegen  0.21/turn              n - ring of teleportation (curse)
MPRegen  0.11/turn              (no ring)

@: no status effects
A: antennae 1, claws 3, hooves 1, cold resistance 1
a: Berserk, Trog's Hand, Brothers in Arms, Renounce Religion


You were on level 6 of the Dungeon.
You worshipped Trog.
Trog was greatly pleased with you.
You visited 1 branch of the dungeon, and saw 6 of its levels.

You collected 270 gold pieces.

Inventory:

Hand Weapons
 j - a +0 whip of electrocution (weapon)
 l - a +1 short sword of draining
 q - a +3 hand axe
Missiles
 m - 3 throwing nets (quivered)
Armour
 e - a +2 buckler (worn)
 g - the cursed +0 scale mail "Cebenuc" (worn) {Slay+3 Stlth+}
   (You found it on level 4 of the Dungeon)

   It affects your accuracy and damage with ranged weapons and melee attacks
   (+3).
   It makes you more stealthy.
   It has a curse placed upon it.
 k - a +1 pair of boots (worn)
Jewellery
 b - an amulet of guardian spirit (around neck)
 n - a cursed ring of teleportation (left claw)
 v - an uncursed ring of protection from fire {unknown}
Wands
 h - a wand of iceblast (10)
 p - a wand of digging (2)
 t - a wand of paralysis (11)
 y - a wand of acid (10)
Scrolls
 a - 3 scrolls of magic mapping
 c - a scroll of fear
 f - 3 scrolls of silence
 i - a scroll of enchant armour
 r - 2 scrolls of identify
 x - a scroll of remove curse {unknown}
Potions
 d - 2 potions of curing
 o - 2 potions of lignification
 s - a potion of haste
 u - a potion of might {unknown}
 w - a potion of degeneration {unknown}


   Skills:
 + Level 5.7 Fighting
 * Level 6.9 Axes
 + Level 4.6 Armour
 + Level 4.6 Dodging
 - Level 4.0 Shields


You had 8 spell levels left.
You didn't know any spells.
Your spell library was empty.

Dungeon Overview and Level Annotations

Branches:
Dungeon (6/15)
 Temple: D:4-7

Altars:
Elyvilon
Makhleb
Okawaru
The Shining One

Annotations:
D:5 2 transporters, Yorgos's ghost, amateur DEIE


Innate Abilities, Weirdness & Mutations

You have a pair of small antennae on your head.
You have claws for hands.
You have large cloven feet.
Your flesh is cold resistant. (rC+)


Message History

The scorpion is severely wounded.
The scorpion barely misses you.
You hit the scorpion but do no damage.
The scorpion is severely wounded.
The scorpion closely misses you.
You hit the scorpion. Lightning courses through the scorpion!
You kill the scorpion!
Trog accepts your kill.
You have reached level 9!
Your experience leads to an increase in your attributes!
Increase (S)trength, (I)ntelligence, or (D)exterity?
You feel stronger.
Your demonic ancestry asserts itself...
Your feet thicken and deform.
You see here a scorpion corpse.
Found a stone staircase leading down.
There is a stone staircase leading down here.
Found a stone staircase leading down.
Quiver which item? (- for none, * to show all) (? for menu, Esc to quit)
Okay, then.
Are you sure you want to abandon this character and quit the game? (Confirm with "yes".)

▒▒▒▒▒···▒▒
▒▒▒····[··))
▒▒▒···▒▒▒▒·▒▒▒
▒·····▒▒·····▒
▒·····▒·······
▒·····▒·······
▒·▒▒▒▒▒
▒·········_···
▒>····▒
▒·····▒······· ▒@▒
▒▒▒···▒······· ▒·▒
▒▒··▒▒·····▒ ▒·▒
▒··▒▒▒▒·▒▒▒ ▒>▒
▒▒········· ▒▒·▒▒
▒▒▒▒▒····▒·▒ ▒···▒▒
▒··········· ▒·▒··▒
▒·▒▒·▒▒··▒▒▒
▒····▒▒▒·▒·▒····▒ ▒
▒▒▒▒··†·····▒▒··▒▒▒


There were no monsters in sight!

Vanquished Creatures
  Menkaure (D:4)
  3 ogres
  An orc warrior (D:6)
  A phantom (D:5)
  A black bear (D:6)
  3 centaurs
  2 bullfrogs (D:6)
  A scorpion (D:6)
  A water moccasin zombie (D:6)
  3 orc priests
  A centaur skeleton (D:6)
  A hound (D:4)
  A jelly (D:5)
  An iguana (D:5)
  A bullfrog skeleton (D:5)
  8 orc wizards
  5 worker ants
  A killer bee zombie (D:5)
  2 hound skeletons (D:6)
  A howler monkey zombie (D:5)
  2 worker ant zombies
  9 adders
  A white imp (D:6)
  An ooze (D:6)
  2 adder skeletons
  6 worms
  A dart slug (D:5)
  A leopard gecko (D:4)
  20 orcs
  A ball python (D:2)
  10 giant cockroaches
  10 goblins
  10 hobgoblins
  4 jackals
  2 quokkas (D:4)
  7 bats
  5 frilled lizards
  4 kobolds
  A leopard gecko skeleton (D:6)
  A quokka skeleton (D:5)
  7 rats
144 creatures vanquished.

Vanquished Creatures (others)
  An adder (D:3)
  A quokka (D:3)
2 creatures vanquished.

Grand Total: 146 creatures vanquished

Notes
Turn   | Place    | Note
-------+----------+-------------------------------------------
     0 | D:1      | Azzok the Demonspawn Berserker began the quest for the Orb.
     0 | D:1      | Reached XP level 1. HP: 18/18 MP: 1/1
   342 | D:1      | Gained mutation: You have sharp fingernails. [demonic
                  | ancestry]
   342 | D:1      | Reached XP level 2. HP: 11/24 MP: 2/2
   505 | D:1      | Reached skill level 3 in Axes
  1084 | D:2      | Noticed an ogre
  1092 | D:2      | Killed an ogre
  1092 | D:2      | Reached skill level 1 in Shields
  1092 | D:2      | Gained mutation: You have very sharp fingernails. [demonic
                  | ancestry]
  1092 | D:2      | Reached XP level 3. HP: 25/29 MP: 3/3
  1092 | D:2      | Gained mutation: You have claws for hands. [demonic
                  | ancestry]
  1092 | D:2      | Reached XP level 4. HP: 30/35 MP: 4/4
  1467 | D:2      | Gained mutation: Your flesh is cold resistant. (rC+)
                  | [demonic ancestry]
  1467 | D:2      | Reached XP level 5. HP: 19/41 MP: 5/5
  1491 | D:2      | HP: 2/41 [poisoned by a worker ant]
  2149 | D:2      | Reached ** piety under Trog
  2391 | D:2      | Reached skill level 4 in Axes
  2545 | D:3      | Found a burning altar of Makhleb.
  2556 | D:3      | Found a white marble altar of Elyvilon.
  2792 | D:3      | Noticed an ogre
  2816 | D:3      | Killed an ogre
  2816 | D:3      | Reached XP level 6. HP: 27/48 MP: 4/6
  3526 | D:3      | Found an iron altar of Okawaru.
  3653 | D:4      | Reached *** piety under Trog
  3653 | D:4      | Reached XP level 7. HP: 9/54 MP: 1/7
  4124 | D:4      | Noticed Menkaure
  4284 | D:4      | Killed Menkaure
  4284 | D:4      | Reached skill level 5 in Axes
  5052 | D:4      | Got a jewelled scale mail
  5053 | D:4      | Identified the cursed +0 scale mail "Cebenuc" {Slay+3
                  | Stlth+} (You found it on level 4 of the Dungeon)
  5085 | D:5      | Entered Level 5 of the Dungeon
  5664 | D:5      | Gained mutation: You have a pair of small antennae on your
                  | head. [demonic ancestry]
  5664 | D:5      | Reached XP level 8. HP: 41/61 MP: 5/8
  5854 | D:5      | Reached skill level 5 in Fighting
  5920 | D:5      | Noticed Yorgos's ghost (amateur DEIE)
  6020 | D:5      | Reached skill level 6 in Axes
  6109 | D:5      | Found a transporter.
  6109 | D:5      | Noticed a hornet
  6113 | D:5      | Found a transporter.
  6520 | D:6      | Reached **** piety under Trog
  6582 | D:6      | Found a glowing golden altar of the Shining One.
  7200 | D:6      | Gained mutation: You have large cloven feet. [demonic
                  | ancestry]
  7200 | D:6      | Reached XP level 9. HP: 69/69 MP: 9/9
  7211 | D:6      | Quit the game

Illustrated notes

Levels and vault maps discovered:
D:1:      dpeg_arrival_rooms_a, layout_loops_corners, serial_glass,
          glass_columns_b, glass_columns_b, hangedman_feature_mirror
D:2:      layout_loops_ring
D:3:      layout_loops_ring, overflow_temple_1_default, elyvilon_altar_4,
          lemuel_round_altar, minmay_diced_spiral
D:4:      layout_loops_ring, minmay_puff, uniq_menkaure
D:5:      layout_rooms, gammafunk_ghost_hive
D:6:      layout_loops_cross, old_standard_altar

Skill      XL: |  1  2  3  4  5  6  7  8 |
---------------+-------------------------+-----
Axes           | 3 4 5 6 |  6.9
Armour         | 2 3 4 |  4.6
Dodging        | 2 3 4 |  4.6
Shields        | 1 2 3 4 |  4.0
Fighting       | 4 5 |  5.7

Action                   |  1- 3 |  4- 6 |  7- 9 || total
-------------------------+-------+-------+-------++-------
Melee: Hand axe          |    55 |    47 |       ||   102
       Short sword       |       |   247 |   174 ||   421
       Whip              |       |       |   105 ||   105
Invok: Berserk           |     3 |     2 |     2 ||     7
  Use: Scroll            |       |     2 |    11 ||    13
       Potion            |       |     4 |       ||     4
Armor: Animal skin       |     2 |       |       ||     2
       Ring mail         |    12 |   132 |    21 ||   165
       Scale mail        |       |       |    74 ||    74
Dodge: Dodged            |    30 |   168 |   145 ||   343
Block: Buckler           |     7 |    97 |    90 ||   194

Table legend: (Time is in decaauts)
 A = Elapsed time spent in this place.
 B = Non-inter-level travel time spent in this place.
 C = Inter-level travel time spent in this place.
 D = Time resting spent in this place.
 E = Time spent auto-exploring this place.
 F = Levels seen in this place.
 G = Mean time per level.
                   A        B        C        D        E       F      G
               +--------+--------+--------+--------+--------+-----+--------+
         Total |   7335 |   7157 |    178 |   1121 |   4683 |   6 | 1222.5 |
       Dungeon |   7335 |   7157 |    178 |   1121 |   4683 |   6 | 1222.5 |
               +--------+--------+--------+--------+--------+-----+--------+

Top non-repeatable levels by time:
     D:4: 2037 daAuts
     D:2: 1341 daAuts
     D:1: 1153 daAuts
     D:3: 1118 daAuts
     D:6: 976 daAuts
     D:5: 708 daAuts
